Map: Nightscape LE

Players

Cheshire - Winner!

  • Race: Protoss Protoss
  • Spawn Location: 1:00

yajupadu - Winner!

  • Race: Protoss Protoss
  • Spawn Location: 1:00

Throwfordays

  • Race: Protoss Protoss
  • League: Silver
  • Spawn Location: 7:00

Faust

  • Race: Zerg Zerg
  • League: Diamond
  • Spawn Location: 7:00

VOD

Have the link to the VOD?

Description

Time

  • Played on: July 18, 2020, 1:06 a.m.
  • Length: 18:27
Show
View Real Time Build Order
Export as new Build Order

Cheshire Protoss - Winner!

Build Orders: Oracle Opening, Carriers 

Get SALT Encoding   

  12  0:01  Probe  
  13  0:13  Probe  
  14  0:23  Pylon  
  14  0:25  Probe  
  15  0:40  Probe  
  16  0:45  Gateway  
  16  0:48  Probe  
  16  0:51  Assimilator  
  16  0:56  Probe  
  18  1:05  Assimilator  
  18  1:21  Pylon  
  18  1:49  Cybernetics Core  
  18  2:09  Nexus  
  18  2:14  Pylon  
  18  2:16  Probe  
  19  2:24  Probe  
  20  2:31  Stargate  
  20  2:32  Probe  
  21  2:40  Probe  
  21  2:49  Probe  
  23  3:01  Probe  
  24  3:25  Forge  
  24  3:31  Oracle  
  24  3:33  Stalker  
  28  4:05  Pylon  
  24  4:31  Void Ray  
  28  4:49  Probe  
  29  4:57  Stargate  
  29  4:59  Fleet Beacon  
  29  5:01  Probe  
  30  5:08  Photon Cannon  
  30  5:13  Probe  
  31  5:16  Probe  
  32  5:25  Probe  
  34  5:28  Probe  
  34  5:30  Void Ray  
  38  5:37  Probe  
  38  5:40  Probe  
  40  5:44  Void Ray  
  40  5:48  Pylon  
  40  5:49  Probe  
  45  5:52  Probe  
  46  6:01  Probe  
  47  6:04  Probe  
  48  6:12  Protoss Air Weapons Level 1  
  48  6:16  Void Ray  
  52  6:38  Photon Cannon  
  52  6:42  Shield Battery  
  52  6:43  Probe  
  52  6:45  Probe  
  54  6:47  Assimilator  
  54  6:51  Probe  
  54  6:52  Assimilator  
  54  6:57  Void Ray, Probe  
  54  7:00  Probe  
  61  7:10  Probe  
  62  7:16  Probe  
  62  7:22  Probe  
  61  7:24  Pylon  
  61  7:28  Probe  
  62  7:32  Pylon  
  62  7:35  Pylon  
  62  7:41  Pylon  
  62  7:42  Void Ray, Probe  
  62  7:44  Pylon  
  67  7:47  Protoss Shields Level 1  
  67  7:57  Flux Vanes  
  67  8:04  Void Ray  
  71  8:07  Protoss Air Weapons Level 2  
  71  8:46  Carrier  
  77  9:03  Photon Cannon  
  77  9:06  Photon Cannon  
  77  9:15  Carrier  
  83  9:23  Stargate  
  83  9:24  Stargate  
  83  9:25  Pylon  
  83  9:27  Pylon  
  83  9:38  Nexus  
  83  9:46  Pylon  
  83  9:49  Pylon  
  83  9:53  Carrier  
  83  9:54  Pylon  
  83  9:59  Assimilator  
  89  10:04  Assimilator  
  89  10:08  Carrier  
  91  11:16  Shield Battery  
  91  11:18  Shield Battery  
  91  11:27  Carrier x3  
  73  12:19  Probe  
  74  12:25  Pylon  
  74  12:30  Photon Cannon  
  74  12:31  Photon Cannon, Probe  
  74  12:33  Photon Cannon  
  74  12:34  Carrier x2  
  74  12:36  Photon Cannon  
  87  12:38  Photon Cannon  
  87  12:40  Photon Cannon  
  87  12:42  Photon Cannon  
  87  12:43  Shield Battery, Probe  
  88  12:46  Shield Battery  
  88  12:54  Carrier  
  88  12:55  Probe  
  95  13:03  Carrier  
  101  13:05  Protoss Air Armor Level 1  
  101  13:07  Probe  
  101  13:44  Nexus  
  101  13:50  Carrier  
  107  14:06  Nexus  
  107  14:10  Pylon  
  107  14:12  Pylon  
  107  14:15  Pylon  
  107  14:39  Assimilator  
  107  14:40  Carrier x3  
  107  14:42  Assimilator  
  125  14:54  Twilight Council  
  125  14:59  Carrier  
  131  15:06  Photon Cannon  
  131  15:09  Photon Cannon  
  131  15:11  Photon Cannon  
  131  15:13  Probe  
  131  15:14  Shield Battery  
  131  15:16  Probe  
  133  15:21  Probe  
  133  15:24  Probe  
  134  15:31  Probe  
  134  15:34  Probe  
  137  15:43  Probe  
  137  15:46  Probe  
  137  15:49  Protoss Air Weapons Level 3, Carrier  
  145  15:55  Probe  
  146  15:58  Probe  
  147  16:06  Carrier  
  153  16:13  Carrier  
  129  17:05  Carrier x2  
  141  17:11  Carrier  
  147  17:17  Carrier  
Show
View Real Time Build Order
Export as new Build Order

yajupadu Protoss - Winner!

Build Orders: 1 Gate Expand, Zealot Archon 

Get SALT Encoding   

  12  0:10  Probe  
  13  0:21  Pylon  
  13  0:23  Probe  
  14  0:35  Probe  
  15  0:43  Gateway  
  15  0:45  Probe  
  16  0:53  Probe  
  16  0:58  Assimilator  
  16  1:01  Probe  
  18  1:13  Probe  
  19  1:25  Probe  
  19  1:29  Nexus  
  20  1:42  Assimilator  
  20  1:47  Pylon  
  20  1:57  Probe  
  21  2:03  Pylon  
  21  2:08  Cybernetics Core  
  21  2:14  Pylon  
  21  2:18  Probe  
  22  2:30  Probe  
  23  2:38  Stalker  
  23  2:42  Probe  
  24  2:46  Warp Gate  
  24  2:50  Probe  
  26  2:54  Probe  
  27  2:58  Probe  
  28  3:06  Probe  
  28  3:08  Probe  
  28  3:12  Twilight Council  
  30  3:16  Robotics Facility  
  30  3:18  Probe  
  31  3:20  Gateway, Probe  
  31  3:23  Gateway  
  32  3:30  Probe  
  32  3:33  Probe  
  34  3:42  Adept, Probe  
  34  3:45  Probe  
  33  3:55  Probe  
  32  3:57  Probe  
  32  4:07  Probe  
  32  4:09  Probe  
  32  4:19  Probe  
  32  4:21  Probe  
  32  4:24  Warp Prism  
  33  4:31  Probe  
  34  4:33  Probe  
  34  4:35  Dark Shrine  
  37  4:40  Charge  
  37  4:43  Probe  
  38  4:45  Probe  
  38  4:50  Adept x2  
  43  4:55  Probe  
  42  5:10  Probe x2  
  44  5:18  Probe x2  
  44  5:22  Shield Battery  
  46  5:31  Assimilator  
  46  5:33  Shadow Stride  
  46  6:00  Probe x2  
  44  6:05  Dark Templar x2  
  46  6:18  Pylon  
  46  6:20  Pylon x2  
  46  6:31  Gateway  
  46  6:36  Probe x2  
  48  6:41  Pylon  
  48  6:42  Dark Templar x3  
  52  6:48  Probe x2  
  52  7:10  Gateway  
  52  7:12  Assimilator, Gateway  
  52  7:14  Pylon, Gateway  
  52  7:15  Archon  
  52  7:16  Pylon, Gateway  
  52  7:19  Gateway  
  50  7:29  Probe x2  
  46  7:34  Nexus  
  46  7:37  Pylon  
  46  7:38  Probe  
  46  7:39  Probe  
  46  7:40  Pylon  
  46  7:42  Assimilator  
  48  7:46  Probe  
  48  7:47  Assimilator, Probe  
  48  7:50  Pylon  
  50  7:55  Probe  
  50  7:56  Probe  
  52  8:08  Probe x2  
  54  8:15  Forge  
  54  8:17  Forge  
  54  8:20  Probe x2  
  54  8:21  Zealot x4  
  54  8:22  Zealot x3  
  65  8:29  Zealot x2  
  65  8:32  Probe  
  70  8:49  Probe  
  70  8:50  Protoss Ground Weapons Level 1, Probe x2  
  70  8:51  Protoss Shields Level 1  
  73  8:57  Probe  
  73  8:58  Probe x2  
  76  9:06  Pylon, Probe x3  
  76  9:08  Pylon  
  77  9:10  Templar Archives  
  77  9:12  Gateway  
  79  9:23  Pylon  
  79  9:25  Pylon  
  79  9:27  Probe x3  
  82  9:36  Probe  
  82  9:37  Probe  
  82  9:39  Probe  
  82  9:44  Probe  
  82  9:45  Probe  
  85  9:49  Photon Cannon  
  85  9:51  Shield Battery, Probe  
  85  9:52  Photon Cannon  
  88  10:01  Probe  
  88  10:03  Probe x2  
  88  10:04  Nexus  
  88  10:05  Pylon  
  91  10:08  Pylon  
  91  10:11  Assimilator  
  91  10:13  Probe  
  92  10:14  Dark Templar x3  
  92  10:15  Assimilator  
  92  10:18  Pylon  
  98  10:47  Probe x3  
  101  10:50  Psionic Storm  
  101  10:54  Protoss Ground Weapons Level 2  
  101  10:55  Protoss Shields Level 2  
  101  10:56  Dark Templar x10  
  121  10:59  Probe x2  
  123  11:04  Archon x3  
  123  11:05  Archon x2  
  123  11:11  Probe x2  
  119  11:29  Dark Templar  
  119  11:30  Dark Templar x6  
  129  11:35  Archon x3  
  129  12:05  Nexus  
  129  12:10  Probe x3  
  132  12:17  Photon Cannon  
  132  12:20  Photon Cannon  
  132  12:22  Probe x3  
  135  12:23  Photon Cannon  
  135  12:26  Photon Cannon  
  135  12:29  Photon Cannon  
  135  12:33  Photon Cannon  
  135  12:34  Shield Battery, Probe x3  
  138  12:37  Shield Battery  
  138  12:42  Dark Templar x6, Shield Battery  
  138  12:43  Zealot  
  152  12:44  Nexus  
  152  12:48  Assimilator  
  152  12:53  Assimilator  
  152  12:55  Pylon  
  152  13:12  Protoss Ground Weapons Level 3  
  152  13:16  Probe x2  
  152  13:17  Probe x2  
  156  13:24  Protoss Ground Armor Level 1  
  156  13:28  Probe  
  156  13:29  Probe x3  
  156  13:31  Dark Templar x2  
  156  13:32  Dark Templar x5  
  174  13:36  Archon x3  
  174  13:40  Probe  
  174  13:41  Probe  
  176  14:06  Probe x5  
  181  14:18  Probe x2  
  181  14:20  High Templar x3  
  181  14:21  High Templar x3  
  195  14:28  Gateway  
  195  14:29  Gateway  
  195  14:31  Gateway  
  195  14:34  Gateway x2  
  195  14:39  Gateway  
  195  14:41  Gateway  
  195  14:43  Gateway  
  195  14:47  Pylon  
  195  14:49  Observer  
  195  14:50  Pylon  
  196  15:07  Warp Prism  
  198  15:15  Dark Templar  
  200  15:54  Archon x4  
  143  17:13  Dark Templar x14  
  137  18:09  Archon x6  
  137  18:11  Dark Templar x6  
  137  18:12  Dark Templar x6, Zealot x2  
Show
View Real Time Build Order
Export as new Build Order

Throwfordays Protoss 

Build Orders: Carriers 

Get SALT Encoding   

  12  0:00  Probe  
  13  0:13  Probe  
  14  0:19  Pylon  
  14  0:25  Probe  
  15  0:37  Probe  
  15  0:41  Gateway  
  16  0:45  Pylon  
  16  0:49  Probe  
  17  0:55  Assimilator  
  17  1:01  Probe  
  18  1:13  Probe  
  19  1:20  Assimilator  
  19  1:28  Cybernetics Core  
  19  1:37  Probe  
  20  1:49  Probe  
  21  1:56  Adept  
  21  1:59  Warp Gate  
  21  2:01  Probe  
  24  2:13  Probe  
  25  2:25  Nexus  
  25  2:27  Pylon  
  25  2:32  Adept  
  27  3:01  Probe  
  28  3:10  Stargate  
  28  3:12  Stargate  
  28  3:13  Probe  
  29  3:25  Assimilator, Probe  
  30  3:30  Assimilator  
  30  3:37  Probe  
  30  3:38  Probe  
  32  3:44  Protoss Air Weapons Level 1  
  32  3:49  Forge, Probe  
  32  3:50  Probe  
  32  3:53  Sentry  
  36  3:57  Probe  
  37  4:03  Probe  
  37  4:05  Probe  
  39  4:15  Probe x2  
  40  4:22  Void Ray  
  45  4:27  Probe x2  
  47  4:34  Void Ray  
  51  4:40  Protoss Shields Level 1  
  51  5:03  Probe  
  51  5:05  Probe  
  53  5:11  Probe  
  53  5:13  Pylon  
  53  5:14  Pylon  
  54  5:22  Pylon  
  54  5:30  Void Ray  
  54  5:31  Probe x2  
  54  5:33  Fleet Beacon  
  60  5:40  Cybernetics Core  
  60  5:43  Probe x2  
  60  5:45  Adept  
  64  6:24  Nexus  
  60  6:26  Photon Cannon  
  60  6:30  Photon Cannon  
  60  6:31  Void Ray x2  
  63  6:56  Probe  
  63  6:59  Probe  
  64  7:18  Photon Cannon  
  64  7:20  Pylon x2  
  64  7:23  Void Ray  
  64  7:24  Pylon, Void Ray  
  72  7:32  Photon Cannon  
  72  7:35  Probe  
  72  7:36  Photon Cannon  
  73  7:40  Probe  
  73  7:41  Pylon  
  74  7:47  Probe  
  75  7:52  Probe  
  76  7:59  Probe  
  76  8:02  Probe  
  76  8:05  Twilight Council  
  77  8:10  Probe  
  77  8:11  Probe  
  77  8:12  Probe  
  80  8:14  Protoss Air Armor Level 1  
  80  8:16  Protoss Air Weapons Level 2  
  81  8:20  Probe  
  81  8:22  Assimilator  
  81  8:24  Probe  
  81  8:25  Assimilator  
  83  8:27  Photon Cannon  
  83  8:31  Photon Cannon  
  83  8:32  Probe  
  84  8:36  Probe  
  84  8:37  Void Ray  
  89  8:53  Probe  
  89  8:55  Probe  
  91  8:57  Probe  
  91  9:01  Void Ray  
  96  9:05  Probe  
  96  9:06  Pylon  
  96  9:07  Protoss Shields Level 2, Probe  
  96  9:09  Probe  
  99  9:19  Probe  
  99  9:21  Probe  
  101  9:24  Void Ray  
  101  9:26  Stargate  
  101  9:27  Stargate  
  101  9:31  Stargate  
  105  9:46  Void Ray  
  109  10:08  Void Ray  
  109  10:13  Void Ray  
  117  10:15  Void Ray  
  121  10:32  Void Ray  
  121  10:33  Void Ray  
  89  11:49  Void Ray x4  
  89  11:50  Void Ray  
  89  11:52  Protoss Shields Level 3  
  109  12:13  Protoss Air Weapons Level 3  
  109  12:22  Nexus  
  109  12:24  Assimilator  
  109  12:25  Probe  
  109  12:28  Assimilator  
  109  12:29  Probe  
  111  12:33  Pylon  
  111  12:36  Pylon  
  111  12:37  Probe  
  111  12:40  Carrier x3  
  111  12:41  Probe  
  131  12:49  Probe  
  132  12:53  Probe  
  132  12:54  Pylon  
  132  12:55  Pylon  
  132  12:56  Pylon  
  132  12:58  Pylon  
  133  12:59  Pylon  
  133  13:01  Pylon  
  130  13:24  Carrier x2  
  142  13:45  Protoss Air Armor Level 2  
  142  13:53  Carrier  
  148  14:03  Gateway  
  148  14:04  Gateway  
  148  14:07  Tempest, Gateway  
  148  14:09  Gateway  
  153  14:11  Twilight Council  
  153  14:17  Charge  
  153  14:18  Tempest  
  157  14:44  Tempest x2  
  167  14:57  Carrier  
  167  14:58  Tempest  
  178  15:09  Pylon  
  178  15:11  Pylon  
  178  15:12  Pylon  
  178  15:14  Pylon  
  178  15:27  Tempest  
  183  15:33  Zealot x5  
  193  15:44  Protoss Ground Weapons Level 1  
  193  15:48  Tempest  
  198  16:12  Zealot  
  138  17:08  Zealot  
  138  17:09  Zealot x4  
  117  17:48  Zealot x5  
Show
View Real Time Build Order
Export as new Build Order

Faust Zerg 

Build Orders: Hatch First 

Get SALT Encoding   

  12  0:01  Drone  
  13  0:08  Drone  
  13  0:13  Extractor  
  13  0:16  Drone  
  15  0:23  Overlord  
  15  0:41  Drone  
  15  0:42  Drone  
  17  1:03  Hatchery  
  16  1:19  Drone  
  16  1:23  Extractor, Spawning Pool, Drone x2  
  17  1:59  Drone x2  
  17  2:00  Extractor, Drone  
  19  2:11  Zergling x2, Queen  
  19  2:15  Queen  
  22  2:19  Zergling x2  
  25  2:26  Zergling x4  
  27  2:36  Zergling x2  
  28  2:42  Overlord  
  28  2:46  Metabolic Boost  
  28  2:52  Overlord x2  
  28  3:04  Drone x3  
  31  3:15  Drone  
  32  3:20  Overlord x2  
  32  3:22  Zergling x6  
  33  3:58  Zergling x10  
  33  3:59  Zergling x2  
  33  4:00  Queen  
  33  4:01  Queen  
  42  4:07  Zergling x2  
  39  4:35  Spore Crawler  
  39  4:36  Drone  
  39  4:37  Drone x4  
  42  4:39  Queen  
  42  4:43  Drone  
  38  5:08  Drone x6  
  38  5:09  Drone  
  38  5:10  Drone x3  
  48  5:24  Lair, Hatchery  
  48  5:26  Extractor  
  46  5:31  Extractor  
  46  5:32  Drone x3  
  46  5:33  Extractor  
  47  5:38  Drone x3  
  47  5:41  Zergling x4  
  51  6:10  Drone  
  54  6:11  Drone x8  
  54  6:17  Overlord x2  
  60  6:22  Overseer  
  60  6:30  Baneling Nest  
  57  6:57  Overseer  
  57  7:00  Zergling x14  
  45  7:26  Drone  
  45  7:27  Drone x5  
  45  7:29  Queen  
  53  7:33  Spore Crawler, Spine Crawler  
  53  7:35  Spine Crawler  
  50  7:39  Spine Crawler  
  50  7:41  Drone x3  
  52  7:45  Drone x3  
  52  7:47  Queen  
  52  7:49  Queen  
  59  7:58  Drone x3  
  61  8:00  Drone  
  61  8:04  Drone  
  64  8:09  Drone  
  64  8:12  Drone x2  
  67  8:14  Spire  
  66  8:23  Drone x2  
  66  8:24  Drone  
  63  8:40  Drone x2  
  63  8:41  Drone x2, Baneling Nest  
  66  8:42  Drone x2  
  66  8:51  Pneumatized Carapace  
  66  8:57  Overlord x2  
  66  9:11  Spore Crawler  
  66  9:13  Spore Crawler, Spine Crawler  
  66  9:15  Queen  
  65  9:18  Queen, Spine Crawler  
  65  9:20  Overlord  
  65  9:21  Overlord x4  
  66  9:29  Spore Crawler  
  65  9:31  Overlord  
  65  9:38  Queen  
  65  9:40  Corruptor x2  
  65  9:41  Corruptor x7  
  65  9:42  Corruptor x2  
  65  9:45  Zergling x8  
  93  9:54  Drone  
  93  9:56  Extractor  
  93  9:58  Extractor, Drone x2  
  93  9:59  Drone x3  
  97  10:02  Overlord  
  97  10:03  Drone x2  
  99  10:07  Baneling  
  99  10:08  Baneling x6  
  99  10:29  Corruptor  
  99  10:30  Corruptor x3  
  100  11:03  Corruptor  
  100  11:04  Corruptor x5  
  112  11:21  Spore Crawler, Drone  
  112  11:22  Drone x2  
  100  11:59  Corruptor x4  
  100  12:00  Corruptor x4  
  110  12:04  Zergling x2  
  110  12:05  Zergling x6  
  114  12:18  Overlord x3  
  114  12:32  Extractor, Hatchery  
  112  12:42  Zerg Flyer Weapons Level 1  
  112  12:47  Spire  
  111  12:53  Evolution Chamber  
  111  12:55  Evolution Chamber  
  109  12:58  Drone  
  109  12:59  Drone x3  
  109  13:02  Drone x4  
  117  13:12  Zergling x6  
  120  13:13  Zergling x4  
  120  13:19  Infestation Pit  
  113  13:39  Corruptor  
  113  13:40  Corruptor x3  
  107  13:45  Drone  
  107  13:46  Drone  
  109  13:49  Drone  
  109  13:50  Drone  
  109  13:51  Extractor  
  110  14:04  Zerg Melee Weapons Level 1  
  110  14:06  Zerg Ground Armor Level 1  
  110  14:09  Zerg Flyer Armor Level 1  
  110  14:21  Drone x5  
  110  14:22  Drone x4  
  119  14:27  Drone x2  
  121  14:46  Drone  
  121  14:47  Drone x6  
  121  14:48  Drone x2  
  130  15:03  Hive  
  130  15:05  Zerg Flyer Weapons Level 2  
  130  15:08  Corruptor x3  
  130  15:09  Corruptor x2  
  140  15:23  Corruptor x2  
  143  15:29  Extractor  
  143  15:33  Baneling  
  143  15:34  Baneling x18  
  141  15:35  Zergling x2  
  141  15:36  Zergling x4  
  141  15:42  Centrifical Hooks  
  123  16:05  Baneling x3  
  123  16:06  Zergling x2, Baneling x2  
  123  16:07  Zergling x24  
  46  17:06  Corruptor x5  
  46  17:07  Corruptor  
  38  17:10  Corruptor x3  
Tags
 
Add a new tag
Caveats
  • Supply blocks, unpowered buildings, or Contaminate may cause inaccurate times.
  • Supply counts are checked every 10 seconds.